 Dungeon Crawl Stone Soup version 0.29-a0-418-gc0181ea820 (webtiles) character file.

Game seed: 11050237858141390688

290752 Impy the Acrobat (level 20, -6/144 HPs)
             Began as a Tengu Hunter on May 17, 2022.
             Was a High Priest of Okawaru.
             Mangled by an acid blob (24 damage)
             ... created by the Royal Jelly
             ... in the Arena.
             The game lasted 02:16:26 (35792 turns).

Impy the Acrobat (Tengu Hunter)                    Turns: 35792, Time: 02:16:27

Health: -6/144     AC: 11    Str: 13 (14) XL:     20   Next: 75%
Magic:  18/30      EV: 38    Int:  8      God:    Okawaru [*****.]
Gold:   5253       SH:  0    Dex: 24      Spells: 31/31 levels left

rFire   + + .      SeeInvis .   k - +9 longbow (freeze)
rCold   . . .      Faith    .   (shield currently unavailable)
rNeg    . . .      Spirit   .   w - +1 ring mail "Zeiwn" {rF++ Regen+ Int-2 Stlth+}
rPois   .          Reflect  .   N - +0 hat {Will+}
rElec   .          Harm     .   G - scarf {repulsion}
rCorr   +          Rampage  .   a - +2 pair of gloves {infuse}
Will    +++..                   (boots unavailable)
Stlth   ++++......              E - amulet of regeneration
HPRegen 1.94/turn               U - ring of resist corrosion
MPRegen 0.22/turn               j - ring of willpower

@: mighty, heroic, finesse-ful, engulfed (cannot breathe), flying quickly and
evasively, repel missiles, duelling, quick
A: beak, talons 3, nimble flight, deterioration 1, noise suppression
}: 2/15 runes: decaying, gossamer
a: Renounce Religion, Heroism, Finesse, Duel


You were in the Arena.
You worshipped Okawaru.
Okawaru was extremely pleased with you.
You visited 8 branches of the dungeon, and saw 40 of its levels.

You collected 5433 gold pieces.
You spent 180 gold pieces at shops.

Inventory:

Hand Weapons
 c - the +10 shortbow of Ignis's Inspiration {flame, rPois rC+}
   (You found it on level 3 of the Elven Halls)

   Any ammunition fired from it burns those it strikes, dealing additional fire
   damage.
   rC:        It protects you from cold.
   rPois:     It protects you from poison.
 i - a +6 longbow
 k - a +9 longbow of freezing (weapon)
 O - the +7 shortbow of the Eternal Void {venom, Str+3}
   (Okawaru gifted it to you on level 6 of the Lair of Beasts)

   Any ammunition fired from it poisons the flesh of those it strikes.
   Str:       It affects your strength (+3).
Armour
 a - a +2 pair of gloves of infusion (worn)
 g - the +1 robe of the Will of the Gods {rCorr}
   (You found it on level 2 of the Dungeon)

   rCorr:     It protects you from acid and corrosion.
 o - a scarf of resistance
 w - the +1 ring mail "Zeiwn" (worn) {rF++ Regen+ Int-2 Stlth+}
   (You found it on level 3 of the Swamp)

   Int:       It affects your intelligence (-2).
   rF:        It greatly protects you from fire.
   Regen:     It increases your rate of health regeneration.
   Stlth:     It makes you more stealthy.
 G - a scarf of repulsion (worn)
 L - a +2 robe of cold resistance
 N - a +0 hat of willpower (worn)
 X - a +0 troll leather armour
Jewellery
 d - a +4 ring of evasion
 e - a ring of magical power
 h - a ring of wizardry
 j - a ring of willpower (right hand)
 l - a ring of see invisible
 q - a ring of fire
 s - a ring of protection from cold
 u - a +4 ring of protection
 y - a ring of fire
 A - a ring of poison resistance
 C - a ring of magical power
 D - a ring of fire
 E - an amulet of regeneration (around neck)
 H - an amulet of guardian spirit
 K - a ring of ice
 U - a ring of resist corrosion (left hand)
 W - a ring of protection from cold
 Z - a ring of protection from cold
Wands
 r - a wand of digging (17)
 v - a wand of iceblast (26)
 z - a wand of polymorph (18)
 B - a wand of flame (17)
 M - a wand of mindburst (36)
 S - a wand of paralysis (4)
Scrolls
 b - 7 scrolls of magic mapping
 f - 16 scrolls of teleportation
 m - 2 scrolls of enchant armour
 n - 3 scrolls of enchant weapon
 t - 5 scrolls of fear
 F - 3 scrolls of poison
 I - 4 scrolls of amnesia
 T - 2 scrolls of fog
Potions
 p - 13 potions of curing
 x - 3 potions of haste
 J - 4 potions of might
 Q - a potion of invisibility
 R - 3 potions of heal wounds
 Y - a potion of cancellation


   Skills:
 + Level 21.3(26.3) Fighting
 - Level 18.0(23.0) Bows
 + Level 3.0(8.0) Armour
 + Level 23.0(27) Dodging
 - Level 1.0(6.0) Stealth
 - Level 6.1 Spellcasting
 - Level 12.0 Invocations


You had 31 spell levels left.
You didn't know any spells.
Your spell library contained the following spells:

 Spells                   Type           Power      Damage    Failure   Level
 Apportation              Tloc           4%         N/A       41%         1
 Beastly Appendage        Tmut           4%         N/A       41%         1
 Pain                     Necr           8%         1d4       41%         1
 Sting                    Tmut/Pois      8%         1d3       41%         1
 Ensorcelled Hibernation  Hex/Ice        4%         N/A       56%         2
 Passwall                 Tmut/Erth      1%         N/A       56%         2
 Poisonous Vapours        Pois/Air       4%         N/A       56%         2
 Sublimation of Blood     Necr           2%         N/A       56%         2
 Wereblood                Tmut           2%         N/A       56%         2
 Conjure Flame            Conj/Fire      2%         6-21      80%         3
 Ignite Poison            Fire/Tmut/Pois 2%         N/A       80%         3
 Spider Form              Tmut/Pois      2%         N/A       80%         3
 Swiftness                Air            2%         N/A       80%         3
 Vampiric Draining        Necr           2%         2d6       80%         3
 Anguish                  Hex/Necr       1%         N/A       99%         4
 Fulminant Prism          Conj/Hex       1%         3d6       99%         4
 Hailstorm                Conj/Ice       2%         3d3       99%         4
 Ice Form                 Ice/Tmut       2%         N/A       99%         4
 Iskenderun's Mystic Bla  Conj/Tloc      2%         2d3       99%         4
 Olgreb's Toxic Radiance  Pois           2%         N/A       99%         4
 Petrify                  Tmut/Erth      2%         N/A       99%         4
 Agony                    Necr           2%         N/A       100%        5
 Alistair's Intoxication  Tmut/Pois      1%         N/A       100%        5
 Iskenderun's Battlesphe  Conj           2%         2d6       100%        5
 Lee's Rapid Deconstruct  Erth           1%         3d5*      100%        5
 Metabolic Englaciation   Hex/Ice        1%         N/A       100%        5
 Eringya's Noxious Bog    Tmut/Pois      1%         N/A       100%        6
 Iron Shot                Conj/Erth      1%         9d1       100%        6
 Statue Form              Tmut/Erth      1%         N/A       100%        6
 Chain Lightning          Conj/Air       1%         3d1       100%        9
 Fire Storm               Conj/Fire      1%         7d1       100%        9
 Animate Skeleton         Necr           Unusable   N/A       N/A         1
 Call Canine Familiar     Summ           Unusable   N/A       N/A         3
 Simulacrum               Ice/Necr       Unusable   N/A       N/A         6
 Haunt                    Necr/Summ      Unusable   N/A       N/A         7
 Spellforged Servitor     Conj/Summ      Unusable   N/A       N/A         7
 Infestation              Necr           Unusable   N/A       N/A         8

Dungeon Overview and Level Annotations

Branches:
Dungeon (15/15)            Temple (1/1) D:4            Lair (6/6) D:9
  Swamp (4/4) Lair:3       Spider (4/4) Lair:2        Slime (5/5) Lair:5
    Orc (2/2) D:11            Elf (3/3) Orc:2        Vaults (0/5) D:14
 Depths (0/4) D:15

Altars:
Cheibriados
Fedhas
Hepliaklqana
Nemelex Xobeh
Okawaru
Yredelemnul
Zin
Jiyva

Shops:
D:6 [   Orc:2 ?!(!   Elf:3 :

Annotations:
Lair:2 exclusion: door
Lair:5 2 transporters, Una Erem's ghost, journeyman OpTm
Swamp:1 Mandevil's ghost, adept OgMo Arena Royal Jelly


Innate Abilities, Weirdness & Mutations

You have a beak for a mouth.
You have claws for feet.
Your magical nature lets you fly swiftly and evasively.
Your body sometimes deteriorates upon taking damage.
You passively dampen the noise of your surroundings.


Message History

The quicksilver ooze completely misses you. x2
The acid blob spits acid at you.
The splash of acid is repelled.
The splash of acid hits the quicksilver ooze.
The quicksilver ooze completely resists.
The acid blob spits acid at you.
The splash of acid is repelled.
The splash of acid hits the rockslime!
The acid corrodes the rockslime!
Okay, then.
Press: ? - help, v - describe, . - travel
Here: the Royal Jelly (almost dead)
The floor.
Aiming: Corrosive Bolt
Press: ? - help, Shift-Dir - straight line, f/p - Royal Jelly
Aim: the Royal Jelly (almost dead, 94% to hit)
The bolt of acid hits the acid blob.
The acid blob completely resists.
The bolt of acid hits the Royal Jelly.
The Royal Jelly completely resists.
The Royal Jelly is almost dead.
The bolt of acid hits the rockslime but does no damage.
The bolt of acid misses the azure jelly.
The now-empty wand crumbles to dust.
The quicksilver ooze hits you. The quicksilver ooze engulfs you!
The quicksilver ooze hits you but does no damage.
The azure jelly completely misses you. The azure jelly hits you.
* * * LOW HITPOINT WARNING * * *
The azure jelly freezes you!!
* * * LOW HITPOINT WARNING * * *
Your body deteriorates!
You feel weakened.
The azure jelly completely misses you. x2; The rockslime completely misses you.
The acid blob completely misses you. The acid blob closely misses you.
The acid blob completely misses you.
The quicksilver ooze completely misses you.
The quicksilver ooze closely misses you.
You feel much better.
* * * LOW HITPOINT WARNING * * *
Your lungs strain for air!
The rockslime hits you!!
* * * LOW HITPOINT WARNING * * *
You hold your ground!
The acid blob hits you!!
You die...

#########
#.▓...▓.#
#.▓.8.▓p#
#.▓...▓▓#
#.▓...▓.#


#p▓JJJ▓p# #p▓JJJ▓▓# #▓▓J@J▓∩# #p▓JJJ▓▓# #p▓JJJ▓p# #.▓JJJ▓.# #.▓JJJ▓▓# #.▓.8.▓p#
#.▓J..▓.# ######### You could see the Royal Jelly, 6 acid blobs, 6 azure
jellies, 4 rockslimes and 4 quicksilver oozes.

Vanquished Creatures
  Nikola (Swamp:1)
  Arachne (Spider:2)
  Jorgrun (D:12)
  3 tentacled monstrosities
  6 deep elf blademasters (Elf:3)
  5 deep elf master archers (Elf:3)
  Gastronok (Lair:3)
  11 acid blobs
  5 thorn hunters
  Roxanne (D:15)
  7 azure jellies
  2 fenstrider witches
  4 rockslimes
  2 emperor scorpions (Spider:3)
  4 deep elf sorcerers
  2 deep elf elementalists (Elf:3)
  A frost giant (D:15)
  A ghost moth (Spider:4)
  8 ghouls
  7 broodmothers
  3 hydra skeletons (Swamp:4)
  6 quicksilver oozes (Slime:5)
  2 vampire knights (Swamp:4)
  3 eleionomae
  2 bunyips (Swamp:3)
  4 spark wasps
  4 deep elf demonologists
  6 deep elf annihilators
  3 entropy weavers
  6 deep elf death magi
  An ettin (Orc:1)
  A fire dragon (Lair:6)
  Fannar (Lair:1)
  2 shambling mangroves (Swamp:4)
  5 radroaches
  2 great orbs of eyes (Slime:5)
  13 hydras
  A spriggan air mage (Swamp:2)
  A jorogumo (Spider:4)
  A catoblepas (Lair:4)
  4 centaur warriors
  2 ghost crabs (Swamp:1)
  An ogre mage (D:15)
  5 boulder beetles
  30 dancing weapons
  5 alligators
  5 tengu warriors
  8 two-headed ogres
  6 orc high priests
  Urug (D:11)
  Nergalle (D:11)
  4 spriggans
  Sonja (Orc:1)
  Amaemon (Lair:3)
  9 pharaoh ants
  17 deep elf knights
  4 steelbarb worms
  Lodul (D:14)
  4 spriggan druids
  6 bog bodies
  4 goliath frogs
  A sun moth (Spider:4)
  9 swamp dragons
  15 deep elf archers
  A wizard (D:13)
  5 orb spiders
  A necromancer (Lair:2)
  4 spectral hydras (Swamp:4)
  4 orc knights (Orc:2)
  33 deep elf pyromancers
  A lindwurm (Lair:6)
  16 wolf spiders
  4 oklob plants
  A phantasmal warrior (Swamp:4)
  22 deep elf zephyrmancers
  7 ugly things
  2 orc sorcerers (Orc:2)
  5 cyclopes
  6 will-o-the-wisps
  17 elephants
  2 manticores (D:12)
  8 black mambas
  6 moths of wrath
  Maurice (D:12)
  2 molten gargoyles (Lair:6)
  11 cane toads
  An eye of devastation (Slime:5)
  6 torpor snails
  7 rime drakes
  8 demonic crawlers
  10 komodo dragons
  An orange demon (Lair:3)
  3 yaktaurs (D:14)
  An efreet (D:14)
  2 tengu conjurers
  4 freezing wraiths
  A bloated husk (Swamp:3)
  2 death drake zombies (Swamp:4)
  5 trolls
  A hydra zombie (Swamp:4)
  27 tarantellas
  2 meliai (Spider:4)
  12 tyrant leeches
  10 blink frogs
  Prince Ribbit (D:5)
  A polar bear (Lair:6)
  A death drake skeleton (Swamp:4)
  8 hornets
  25 slime creatures
  Sigmund (D:3)
  2 water elementals (Elf:1)
  23 jumping spiders
  A shadow (D:12)
  5 air elementals
  6 wraiths
  29 culicivoras
  6 fire elementals
  11 wyverns
  8 basilisks
  Eustachio (D:5)
  Grum (D:11)
  47 yaks
  2 golden eyes (Slime:5)
  4 steam dragons
  56 redbacks
  16 vampire mosquitoes
  An acid dragon (D:11)
  2 wargs (Orc:1)
  17 swamp worms
  2 hydra simulacra (Swamp:4)
  4 hell hounds (Lair:6)
  16 water moccasins
  2 black bears
  27 orc warriors
  5 swamp drakes
  A sky beast (D:6)
  6 boggarts (D:14)
  A swamp dragon zombie (Swamp:4)
  10 ogres
  11 wolves
  A swamp dragon skeleton (Swamp:4)
  8 centaurs
  5 kobold brigands
  A phantom (D:4)
  5 necrophages
  10 bullfrogs
  A gnoll sergeant (D:9)
  2 earth elementals (Elf:1)
  3 scorpions
  11 wights
  4 electric eels
  2 howler monkeys (D:10)
  A crimson imp (D:13)
  5 lava snakes (Lair:6)
  4 jellies
  A gnoll shaman (D:9)
  31 orc priests
  Crazy Yiuf (D:6)
  2 iguanas (D:5)
  13 orc wizards
  6 hell rats
  A polar bear simulacrum (Lair:2)
  Robin (D:2)
  17 gnolls
  6 adders
  13 white imps
  2 worms
  4 dart slugs
  66 orcs
  11 endoplasms
  A giant cockroach (D:1)
  8 hobgoblins
  4 jackals (D:4)
  6 quokkas
  8 ball pythons
  4 bats
  3 frilled lizards
  21 goblins
  11 kobolds
  6 rats
  A river rat simulacrum (Lair:2)
1217 creatures vanquished.

Vanquished Creatures (others)
  2 deep elf knights
  2 deep elf pyromancers
  A yaktaur (D:14)
  A bloated husk (Swamp:1)
  A slime creature (Slime:4)
  A fire elemental (Elf:2)
  2 necrophages (Swamp:1)
  An orc priest (Elf:1)
  16 foxfires
  41 fungi
  50 plants
  31 withered plants (Swamp:1)
149 creatures vanquished.

Grand Total: 1366 creatures vanquished

Notes
Turn   | Place    | Note
-------+----------+-------------------------------------------
     0 | D:1      | Impy the Tengu Hunter began the quest for the Orb.
     0 | D:1      | Reached XP level 1. HP: 12/12 MP: 2/2
   107 | D:1      | Reached XP level 2. HP: 17/17 MP: 3/3
   266 | D:1      | Gained mutation: Your flesh is cold resistant. (rC+)
                  | [potion of mutation]
   266 | D:1      | Lost mutation: Your flesh is cold resistant. (rC+) [potion
                  | of mutation]
   266 | D:1      | Gained mutation: You passively dampen the noise of your
                  | surroundings. [potion of mutation]
   540 | D:1      | Reached XP level 3. HP: 22/22 MP: 4/4
   685 | D:2      | Identified the +1 robe of the Will of the Gods {rCorr}
   830 | D:2      | Reached skill level 3 in Dodging
  1014 | D:2      | Noticed Robin
  1016 | D:2      | Reached skill level 5 in Bows
  1021 | D:2      | Killed Robin
  1022 | D:2      | Reached XP level 4. HP: 27/27 MP: 5/5
  1471 | D:2      | Found a faded altar of an unknown god.
  1733 | D:3      | Gained mutation: Your magical nature lets you fly swiftly
                  | and evasively. [Tengu growth]
  1733 | D:3      | Reached XP level 5. HP: 28/32 MP: 6/6
  1787 | D:3      | Reached skill level 4 in Dodging
  1903 | D:3      | Got the Grimoire of Conjuration and Calling
  1942 | D:3      | Noticed Sigmund
  1947 | D:3      | Killed Sigmund
  1948 | D:3      | Reached XP level 6. HP: 24/38 MP: 7/7
  2837 | D:4      | Reached XP level 7. HP: 29/44 MP: 8/8
  2956 | D:4      | Reached skill level 5 in Dodging
  3261 | D:4      | You are sucked into a shaft and drop 3 floors!
  3609 | D:7      | Noticed a two-headed ogre
  3662 | D:6      | Found a runed translucent door.
  3663 | D:6      | Noticed Crazy Yiuf
  3671 | D:6      | Killed Crazy Yiuf
  3728 | D:6      | Reached skill level 5 in Fighting
  3738 | D:6      | Identified the +7 hand axe "Reiry" {flame, rElec Str+2
                  | Int+4 Dex+3}
  3943 | D:6      | Found Roan's Armour Emporium.
  3961 | D:6      | Reached XP level 8. HP: 50/50 MP: 9/9
  4025 | D:5      | Entered Level 5 of the Dungeon
  4187 | D:5      | Reached skill level 6 in Dodging
  4196 | D:5      | Found a hazy altar of Hepliaklqana.
  4316 | D:5      | Noticed Prince Ribbit
  4363 | D:5      | Killed Prince Ribbit
  4866 | D:5      | Noticed Eustachio
  4890 | D:5      | Killed Eustachio
  5013 | D:5      | Reached skill level 7 in Dodging
  5342 | D:4      | Found a staircase to the Ecumenical Temple.
  5353 | Temple   | Entered the Ecumenical Temple
  5486 | Temple   | Became a worshipper of Warmaster Okawaru
  5928 | D:6      | Reached XP level 9. HP: 51/56 MP: 10/10
  6305 | D:6      | Reached * piety under Okawaru
  6643 | D:7      | Killed a two-headed ogre
  6643 | D:7      | Reached ** piety under Okawaru
  6644 | D:7      | Reached skill level 8 in Dodging
  6825 | D:8      | Identified the +4 quarterstaff of Fate {vorpal, rC+}
  7197 | D:8      | Noticed a two-headed ogre
  7218 | D:8      | Killed a two-headed ogre
  7219 | D:8      | Reached skill level 10 in Bows
  7219 | D:8      | Reached skill level 9 in Dodging
  7219 | D:8      | Reached XP level 10. HP: 30/65 MP: 11/11
  8594 | D:9      | Reached *** piety under Okawaru
  8711 | D:9      | Found a staircase to the Lair.
  9000 | D:10     | Entered Level 10 of the Dungeon
  9254 | D:10     | Reached skill level 10 in Dodging
  9357 | D:10     | Reached **** piety under Okawaru
  9404 | D:10     | Noticed a two-headed ogre
  9412 | D:10     | Killed a two-headed ogre
  9413 | D:10     | Reached XP level 11. HP: 32/72 MP: 12/12
  9724 | D:10     | Reached skill level 12 in Dodging
  9724 | D:10     | Reached XP level 12. HP: 80/80 MP: 13/13
  9999 | Lair:1   | Entered Level 1 of the Lair of Beasts
 10331 | Lair:1   | Reached ***** piety under Okawaru
 11017 | Lair:2   | Noticed Fannar
 11027 | Lair:2   | Noticed an eight-headed hydra
 11056 | Lair:1   | Killed Fannar
 11128 | Lair:2   | Received a gift from Okawaru
 11139 | Lair:2   | Reached skill level 13 in Dodging
 11235 | Lair:2   | Noticed a six-headed hydra
 11244 | Lair:2   | Killed a six-headed hydra
 11323 | Lair:2   | Found a hole to the Spider Nest.
 11529 | Lair:2   | Killed an eight-headed hydra
 11846 | Lair:2   | Reached XP level 13. HP: 87/87 MP: 14/14
 11888 | Lair:2   | Received a gift from Okawaru
 12669 | Lair:3   | Noticed Amaemon
 12678 | Lair:3   | Killed Amaemon
 12679 | Lair:3   | Reached skill level 14 in Dodging
 13106 | Lair:3   | Found a staircase to the Swamp.
 13149 | Lair:3   | Noticed Gastronok
 13167 | Lair:3   | Killed Gastronok
 13540 | Lair:4   | Reached skill level 15 in Bows
 13573 | Lair:4   | Reached ****** piety under Okawaru
 13753 | Lair:4   | Identified a scroll of acquirement
 13753 | Lair:4   | Acquired a +5 longbow
 13860 | Lair:4   | Received a gift from Okawaru
 14330 | Lair:5   | Reached skill level 15 in Dodging
 14337 | Lair:5   | Reached XP level 14. HP: 93/95 MP: 15/15
 14392 | Lair:5   | Received a gift from Okawaru
 14435 | Lair:5   | Found a staircase to the Slime Pits.
 14461 | Lair:5   | Found a transporter.
 14492 | Lair:5   | Noticed Una Erem's ghost (journeyman OpTm)
 14531 | Lair:5   | Found a transporter.
 14927 | Lair:6   | Entered Level 6 of the Lair of Beasts
 15132 | Lair:6   | Identified the +7 shortbow of the Eternal Void {venom,
                  | Str+3} (Okawaru gifted it to you on level 6 of the Lair of
                  | Beasts)
 15132 | Lair:6   | Received a gift from Okawaru
 15649 | Lair:6   | Acquired 898 gold pieces
 15788 | Lair:6   | Received a gift from Okawaru
 15826 | Lair:6   | Found a large runed translucent door.
 15826 | Lair:6   | Found a large runed translucent door.
 15931 | Lair:6   | Identified the +4 ring mail "Caddiah" {rN+ Regen+ Str+2}
 15975 | Lair:6   | Reached skill level 16 in Dodging
 16588 | D:11     | Found a staircase to the Orcish Mines.
 16673 | D:11     | Reached skill level 15 in Fighting
 16727 | D:11     | Noticed Urug
 16739 | D:11     | Killed Urug
 16758 | D:11     | Noticed Grum
 16762 | D:11     | Noticed Nergalle
 16776 | D:11     | Killed Grum
 16816 | D:11     | Killed Nergalle
 17550 | D:12     | Noticed Jorgrun
 17564 | D:12     | Killed Jorgrun
 17565 | D:12     | Reached XP level 15. HP: 38/103 MP: 16/16
 17649 | D:12     | Noticed Maurice
 17655 | D:12     | Killed Maurice
 18379 | D:13     | Received a gift from Okawaru
 19133 | D:14     | Reached skill level 17 in Dodging
 19233 | D:14     | Received a gift from Okawaru
 19341 | D:14     | Found a gate to the Vaults.
 19438 | D:14     | Noticed Lodul
 19535 | D:14     | Killed Lodul
 19838 | Orc:1    | Entered Level 1 of the Orcish Mines
 19997 | Orc:2    | Entered Level 2 of the Orcish Mines
 20058 | Orc:2    | Found a staircase to the Elven Halls.
 20576 | Orc:2    | Reached skill level 1 in Invocations
 20625 | Orc:2    | Found Yseugi's Magic Scroll Emporium.
 20625 | Orc:2    | Found Anoeh's Distillery.
 20626 | Orc:2    | Found Neoci's Distillery.
 20626 | Orc:2    | Found Xukieno's Antique Weapon Shoppe.
 20634 | Orc:2    | Bought a potion of heal wounds for 60 gold pieces
 20634 | Orc:2    | Bought a potion of heal wounds for 60 gold pieces
 20637 | Orc:2    | Bought a potion of heal wounds for 60 gold pieces
 20961 | Orc:1    | Noticed Sonja
 20964 | Orc:1    | Killed Sonja
 20974 | Orc:1    | Identified the +0 chain mail of the Yeti {Contam Regen+
                  | Dex+2} (Okawaru gifted it to you on level 1 of the Orcish
                  | Mines)
 20974 | Orc:1    | Received a gift from Okawaru
 20975 | Orc:1    | Reached XP level 16. HP: 93/111 MP: 16/18
 21393 | Spider:1 | Entered Level 1 of the Spider Nest
 21741 | Spider:1 | Reached skill level 18 in Dodging
 22468 | Spider:2 | Noticed Arachne
 22496 | Spider:2 | Killed Arachne
 22663 | Spider:2 | Identified the +1 hat "Oplyfuo" {-Tele rN+++ Dex-5 Slay+5}
                  | (Okawaru gifted it to you on level 2 of the Spider Nest)
 22663 | Spider:2 | Received a gift from Okawaru
 22898 | Spider:2 | Reached skill level 5 in Invocations
 24273 | Spider:4 | Entered Level 4 of the Spider Nest
 24400 | Spider:4 | Reached XP level 17. HP: 118/118 MP: 22/22
 24491 | Spider:4 | Reached skill level 19 in Dodging
 24601 | Spider:4 | Identified the +1 hat of Okawaru's Approval {Fly rPois rN+
                  | Dex-3} (Okawaru gifted it to you on level 4 of the Spider
                  | Nest)
 24601 | Spider:4 | Received a gift from Okawaru
 25918 | Spider:4 | Got a gossamer rune of Zot
 26116 | Swamp:1  | Entered Level 1 of the Swamp
 26127 | Swamp:1  | Noticed a tentacled monstrosity
 26144 | Swamp:1  | Killed a tentacled monstrosity
 26225 | Swamp:1  | Received a gift from Okawaru
 26345 | Swamp:1  | Noticed Nikola
 26364 | Swamp:1  | Killed Nikola
 26752 | D:15     | Entered Level 15 of the Dungeon
 26810 | D:15     | Got the Catalogue of Evil Rituals
 26832 | D:15     | Identified Roxanne's Incunabulum of Transformation
 26832 | D:15     | Noticed Roxanne
 26857 | D:15     | Killed Roxanne
 27370 | D:15     | Found a staircase to the Depths.
 27749 | Elf:1    | Entered Level 1 of the Elven Halls
 27769 | Elf:1    | Reached skill level 20 in Dodging
 27910 | Elf:1    | Paralysed by an air elemental for 1 turns
 27915 | Elf:1    | Paralysed by an air elemental for 1 turns
 28045 | Elf:1    | Received a gift from Okawaru
 28062 | Elf:1    | Identified the +6 shortbow "Vawkeah" {speed, Fragile Will+
                  | Int+7 Dex-2}
 28094 | Elf:1    | Reached XP level 18. HP: 126/126 MP: 23/25
 28234 | Elf:1    | Received a gift from Okawaru
 29109 | Elf:2    | Found a huge runed translucent gate.
 29109 | Elf:2    | Found a huge runed translucent gate.
 29109 | Elf:2    | Found a huge runed translucent gate.
 29116 | Elf:2    | Found a huge runed translucent gate.
 29119 | Elf:2    | Found a huge runed translucent gate.
 29735 | Elf:2    | Reached skill level 10 in Invocations
 30075 | Elf:3    | Entered Level 3 of the Elven Halls
 30189 | Elf:3    | Received a gift from Okawaru
 30216 | Elf:3    | Found a huge runed translucent gate.
 30217 | Elf:3    | Found a huge runed translucent gate.
 30217 | Elf:3    | Found a huge runed translucent gate.
 30217 | Elf:3    | Found a huge runed translucent gate.
 30218 | Elf:3    | Found a huge runed translucent gate.
 30218 | Elf:3    | Found a huge runed translucent gate.
 30219 | Elf:3    | Found a huge runed translucent gate.
 30221 | Elf:3    | Found a huge runed translucent gate.
 30268 | Elf:3    | Found Dyax's Book Boutique.
 30471 | Elf:3    | Noticed a deep elf blademaster
 30698 | Elf:3    | Reached skill level 21 in Dodging
 30730 | Elf:3    | Noticed a deep elf blademaster
 30732 | Elf:3    | Noticed a deep elf master archer
 30741 | Elf:3    | Killed a deep elf blademaster
 30747 | Elf:3    | Killed a deep elf master archer
 30786 | Elf:3    | Noticed a deep elf blademaster
 30803 | Elf:3    | Killed a deep elf blademaster
 30806 | Elf:3    | Received a gift from Okawaru
 30814 | Elf:3    | Reached XP level 19. HP: 133/133 MP: 25/28
 30986 | Elf:3    | Gained mutation: Your body sometimes deteriorates upon
                  | taking damage. [a neqoxec]
 31289 | Elf:3    | Found the +11 plutonium sword {Contam Stlth-}
 31304 | Elf:3    | Found the +0 staff of Battle
 31309 | Elf:3    | Found the +3 hat of Pondering {ponderous, Will+ MP+10
                  | Int+5}
 31362 | Elf:3    | Got the Guide on Fire
 31367 | Elf:3    | Identified the +11 great sword of Symmetry {vorpal, rPois
                  | Will++}
 31415 | Elf:3    | Got Liggaixo's Catalogue of Stolen Souls
 31439 | Elf:3    | Identified the +10 shortbow of Ignis's Inspiration {flame,
                  | rPois rC+}
 31795 | Elf:3    | Identified the +11 double sword of Generosity {freeze, rN+
                  | Will- Int+2 Dex+2}
 31813 | Elf:3    | Received a gift from Okawaru
 32682 | Swamp:2  | Reached skill level 1 in Spellcasting
 32714 | Swamp:2  | Noticed Mandevil's ghost (adept OgMo)
 32717 | Swamp:2  | Found a runed translucent door.
 32842 | Swamp:2  | Identified the +7 mace "Soaso" {vorpal, Will+ Str+3 Stlth+}
 33290 | Swamp:3  | Received a gift from Okawaru
 33291 | Swamp:3  | Reached skill level 22 in Dodging
 33760 | Swamp:3  | Noticed a tentacled monstrosity
 33771 | Swamp:3  | Killed a tentacled monstrosity
 33893 | Swamp:3  | Identified the +1 ring mail "Zeiwn" {rF++ Regen+ Int-2
                  | Stlth+}
 33952 | Swamp:4  | Entered Level 4 of the Swamp
 34041 | Swamp:4  | Reached XP level 20. HP: 142/142 MP: 22/30
 34062 | Swamp:4  | Received a gift from Okawaru
 34268 | Swamp:4  | Reached skill level 5 in Spellcasting
 34346 | Swamp:4  | Found a blossoming altar of Fedhas.
 34362 | Swamp:4  | Received a gift from Okawaru
 34413 | Swamp:4  | Found a basalt altar of Yredelemnul.
 34429 | Swamp:4  | Got a decaying rune of Zot
 34779 | Slime:1  | Entered Level 1 of the Pits of Slime
 34838 | Slime:5  | Entered Level 5 of the Pits of Slime
 35158 | Slime:5  | Noticed the Royal Jelly
 35163 | Slime:5  | Found a viscous altar of Jiyva.
 35177 | Slime:5  | Reached skill level 1 in Armour
 35577 | Slime:5  | Reached skill level 23 in Dodging
 35778 | Arena    | Entered the Arena
 35792 | Arena    | Mangled by an acid blob

Illustrated notes

Levels and vault maps discovered:
D:1:      lemuel_arrival_broad_hall, layout_basic
D:2:      layout_loops_ring, shapermc_ecumenical_altar_mp_vishouse, uniq_robin
D:3:      layout_loops_ring, uniq_sigmund
D:4:      layout_loops_ring, minmay_temple_entry_glassed_door
D:5:      layout_basic, nicolae_hepliaklqana_hazy_memory,
          hangedman_decor_opposing, uniq_prince_ribbit1, uniq_eustachio
D:6:      layout_basic, serial_shops, shop_statue, dk_rats_in_the_wall,
          uniq_crazy_yiuf_cottage
D:7:      layout_cave_pools
D:8:      layout_loops_ring, water_boxes_lemuel
D:9:      layout_basic, lair_entry_dummy
D:10:     layout_roguey
D:11:     layout_basic, orc_0_dummy, portal_ice_cave_entry_imps, uniq_urug,
          uniq_nergalle, uniq_grum
D:12:     layout_cave_pools, chequers_serial_rivers_small_3, uniq_jorgrun,
          uniq_maurice
D:13:     layout_cave_pods, lightli_wizard_tower
D:14:     layout_roguey, hangedman_vaults_entry_quadrant_bands,
          chequers_decorated_corner, uniq_lodul
D:15:     grunt_enter_depths_snipers, layout_stronghold, uniq_roxanne
Temple:   mainiacjoe_temple_trianglar_array
Lair:1:   layout_cave_pods, beast_lair_carwin_8
Lair:2:   layout_cave_pods, nicolae_spider_entry_tight_spaces,
          eino_house_with_fridge, grunt_megastairs_2, lemuel_fruit_tree,
          uniq_fannar
Lair:3:   layout_misc_corridors, nicolae_swamp_entry_splash_gauntlet,
          gauntlet_entry_generic, st_stairs_12, minmay_hedge_maze,
          serial_bayou_shore_b, uniq_gastronok, uniq_amaemon
Lair:4:   layout_regular_city, lemuel_fruit_fields
Lair:5:   layout_small_grid, nicolae_slime_entry_slimehenge,
          gammafunk_ghost_arena, minmay_lair_drake_nest, serial_bayou_shore_b
Lair:6:   cheibrodos_lair_end_hotspot, layout_cellular_growth,
          mumra_transporter_accident
Swamp:1:  layout_basic_swamp, serial_swamp_ruin, evilmike_swamp_ruin_house_4,
          evilmike_swamp_ruin_house_5, hangedman_swamp_ruin_wall, swamp_pool3,
          st_shrine_of_shade, uniq_nikola
Swamp:2:  layout_basic_swamp, hellmonk_ghost_happy_afterlife,
          evilmike_swamp_ruin_house_3, nicolae_swamp_tree_designs
Swamp:3:  layout_basic_swamp, evilmike_swamp_ruin_house_1
Swamp:4:  byrel_swamp_growth_death_and_undeath, layout_basic_swamp
Spider:1: layout_spider_delve
Spider:2: layout_spider_delve, hellmonk_test_site, uniq_arachne
Spider:3: layout_cave_pods
Spider:4: hellmonk_spider_rune_endless_swarm, hive_lemuel
Slime:1:  layout_caves
Slime:2:  layout_caves
Slime:3:  layout_caves, uniq_donald
Slime:4:  layout_caves
Slime:5
Orc:1:    layout_caves, uniq_sonja
Orc:2:    st_orc_pillars, layout_caves
Elf:1:    nicolae_elf_arrival_fired_up, layout_rooms, minmay_elf_demonology,
          drop_trap, nrook_mini_backslash
Elf:2:    elven_hall_of_blades_hangedman_alternative
          [nicolae_blade_little_rooms], layout_geoelf_diagonals
Elf:3:    minmay_elf_hall, layout_geoelf_diagonals, serial_shops,
          nicolae_shop_hallway_plus, roderic_roman_lattice,
          nicolae_elf_double_double_double_trouble
Arena

Skill      XL: |  1  2  3  4  5  6  7  8  9 10 11 12 13 14 15 16 17 18 19 20 |
---------------+-------------------------------------------------------------+-----
Dodging        | 3 4 5 7 9 10 12 13 15 16 17 18 20 21 22 23 | 23.0
Bows           | 5 6 7 8 10 11 12 14 15 16 18 | 18.0
Fighting       | 3 4 5 6 8 9 11 12 13 15 16 17 18 19 20 21 | 21.3
Invocations    | 1 6 8 10 12 | 12.0
Spellcasting   | 3 6 |  6.1
Armour         | 3 |  3.0
Stealth        | |  1.0

Action                   |  1- 3 |  4- 6 |  7- 9 | 10-12 | 13-15 | 16-18 | 19-21 || total
-------------------------+-------+-------+-------+-------+-------+-------+-------++-------
Melee: Spear             |       |    10 |       |       |       |       |       ||    10
       Kick              |       |     2 |     2 |    10 |       |     1 |       ||    15
       Peck              |       |     1 |     1 |     6 |       |       |       ||     8
       Hand axe          |       |       |     9 |    14 |       |       |       ||    23
       Shortbow          |       |       |       |       |       |     1 |       ||     1
 Fire: Shortbow          |    81 |   107 |   303 |   557 |  1482 |  1987 |   328 ||  4845
       Longbow           |       |       |       |       |   221 |       |   881 ||  1102
Invok: Heroism           |       |       |       |     3 |     4 |    19 |     7 ||    33
       Finesse           |       |       |       |       |       |     2 |    10 ||    12
       Duel              |       |       |       |       |       |       |     1 ||     1
Evoke: Wand              |       |       |     1 |       |       |       |     1 ||     2
  Use: Scroll            |     3 |     3 |     3 |     3 |     9 |     8 |    10 ||    39
       Potion            |     5 |     7 |     4 |     5 |     3 |     9 |     5 ||    38
Armor: Leather armour    |     1 |       |       |       |       |       |       ||     1
       Robe              |     1 |     6 |    21 |    12 |    69 |       |       ||   109
       Troll leather arm |       |       |       |       |     3 |    76 |     5 ||    84
       Ring mail         |       |       |       |       |       |       |    33 ||    33
Dodge: Dodged            |    14 |    29 |   113 |   162 |   796 |  1079 |   556 ||  2749
       Repelled          |       |       |       |       |    10 |    17 |    19 ||    46

Table legend: (Time is in decaauts)
 A = Elapsed time spent in this place.
 B = Non-inter-level travel time spent in this place.
 C = Inter-level travel time spent in this place.
 D = Time resting spent in this place.
 E = Time spent auto-exploring this place.
 F = Levels seen in this place.
 G = Mean time per level.
                   A        B        C        D        E       F      G
               +--------+--------+--------+--------+--------+-----+--------+
         Total |  32303 |  30243 |   2060 |    159 |  22206 |  41 |  787.9 |
       Dungeon |  13496 |  12748 |    748 |    159 |  10386 |  15 |  899.7 |
        Temple |    169 |    121 |     48 |      0 |    115 |   1 |  169.0 |
          Lair |   6151 |   5564 |    587 |      0 |   4041 |   6 | 1025.2 |
         Swamp |   2565 |   2519 |     46 |      0 |   1665 |   4 |  641.2 |
   Spider Nest |   4135 |   3809 |    326 |      0 |   2716 |   4 | 1033.8 |
    Slime Pits |    921 |    905 |     16 |      0 |    518 |   5 |  184.2 |
  Orcish Mines |   1298 |   1166 |    132 |      0 |    724 |   2 |  649.0 |
   Elven Halls |   3558 |   3406 |    152 |      0 |   2039 |   3 | 1186.0 |
         Arena |      7 |      7 |      0 |      0 |      0 |   1 |    7.0 |
               +--------+--------+--------+--------+--------+-----+--------+

Top non-repeatable levels by time:
   Elf:3: 1435 daAuts
Spider:3: 1398 daAuts
     D:8: 1347 daAuts
   Elf:2: 1241 daAuts
  Lair:6: 1192 daAuts
  Lair:2: 1187 daAuts
     D:5: 1144 daAuts
Spider:4: 1142 daAuts
    D:10: 1087 daAuts
  Lair:3: 1084 daAuts
     D:3: 1067 daAuts
     D:2: 1067 daAuts
  Lair:1: 1017 daAuts
    D:14: 911 daAuts
    D:11: 885 daAuts
